 Dungeon Sprint DCSS version 0.22.1-1-ga44c0e56f4 (webtiles) character file.

1320 KleinerIrrer the Black Belt (level 8, -10/78 HPs)
             Began as an Octopode Monk on Nov 2, 2018.
             Was a Believer of Jiyva.
             Mangled by Snorg (12 damage)
             ... in the Dungeon (Sprint III: "The Ten Rune Challenge").
             The game lasted 00:04:51 (697 turns).

KleinerIrrer the Black Belt (Octopode Monk)          Turns: 697, Time: 00:04:51

Health: -10/78     AC:  1    Str: 16    XL:     8   Next: 59%
Magic:  8/8        EV: 14    Int: 12    God:    Jiyva [**....]
Gold:   55         SH:  0    Dex: 16    Spells: 7/7 levels left

rFire    . . .     SeeInvis .     - Unarmed
rCold    . . .     Gourm    .   (no shield)
rNeg     . . .     Faith    .   (helmet restricted)
rPois    .         Spirit   .   (no amulet)
rElec    .         Reflect  .   (no ring)
rCorr    .         Harm     .   (no ring)
MR       .....     Clarity  +   (no ring) Stlth ..........NoTele +
                                (no ring)
HPRegen  0.23/turn              (no ring)
MPRegen  0.11/turn              (no ring)
                                (no ring)
                                (no ring)

@: berserking, very quick
A: almost no armour, stealthy swim, amphibious, 8 rings, constrict 8, tentacle
spike 1, camouflage 1, clarity, gelatinous body 1
a: Request Jelly, Renounce Religion


You were in the Dungeon.
You worshipped Jiyva.
Jiyva was pleased with you.
You were not hungry.

You visited 1 branch You collected 55 gold pieces.

Inventory:

Scrolls
 g - a scroll of blinking
 j - a scroll of holy word
 k - 3 scrolls of remove curse
 n - a scroll of immolation {unknown}
Potions
 b - a potion of curing
 c - 2 potions of heal wounds
 d - 2 potions of haste
 e - 2 potions of magic
 l - 2 potions of flight
 m - 3 potions of mutation
Miscellaneous
 i - a phantom mirror
Comestibles
 a - 5 rations
 h - a chunk of flesh


   Skills:
 - Level 3.0 Fighting
 - Level 3.0 Dodging
 - Level 2.6 Stealth
 + Level 17.4 Unarmed Combat


You had 7 spell levels left.
You didn't know any spells.
Your spell library contained the following spells:

 Spells                   Type           Power        Failure   Level  Hunger
 Confusing Touch          Hex            #.....       32%         1    ##.....
 Magic Dart               Conj           #...         32%         1    ##.....
 Blink                    Tloc           N/A          45%         2    ###....
 Call Imp                 Summ           #.......     45%         2    ###....
 Slow                     Hex            #.......     45%         2    ###....
 Confuse                  Hex            #.......     69%         3    ####...
 Conjure Flame            Conj/Fire      #.......     69%         3    ####...
 Gell's Gravitas          Tloc           #.........   69%         3    ####...
 Mephitic Cloud           Conj/Pois/Air  #.......     69%         3    ####...
 Petrify                  Tmut/Erth      #.......     97%         4    #####..
 Metabolic Englaciation   Hex/Ice        #.........   100%        5    ######.
 Yara's Violent Unravell  Hex/Tmut       #.........   100%        5    ######.


Dungeon Overview and Level Annotations

Branches:
Dungeon (1/1)

Altars:
Cheibriados
Dithmenos
Elyvilon
Fedhas
Gozag
Hepliaklqana
Kikubaaqudgha
Makhleb
Nemelex Xobeh
Okawaru
Qazlal
Ru
Sif Muna
Trog
Uskayaw
Vehumet
Wu Jian
Xom
Yredelemnul
Zin
The Shining One
Beogh
Jiyva
Lugonu

Annotations:
D Snorg


Innate Abilities, Weirdness & Mutations

You cannot wear most types of armour.
You are very stealthy in the water. (Stealth+)
You are amphibious.
You can wear up to eight rings at the same time.
You can use your tentacles to constrict eight enemies at once.
Your skin changes colour to match your surroundings (Stealth+).
Your rubbery body absorbs attacks. (AC +1, EV +1)
One of your tentacles bears a spike.
You possess an exceptional clarity of mind.


Message History

You feel much better.
Snorg rages.
A red film seems to cover your vision as you go berserk!
You feel yourself moving faster!
You feel mighty! Snorg bites you! Snorg claws you! Snorg misses you.
You batter Snorg!!
Your tentacle spike misses Snorg.
Snorg is lightly wounded.
Snorg bites you! Snorg barely misses you. Snorg claws you.
You bludgeon Snorg!
You pierce Snorg!
You squeeze Snorg!
Snorg is heavily wounded.
Snorg closely misses you. Snorg claws you!!
* * * LOW HITPOINT WARNING * * *
Snorg claws you!
* * * LOW HITPOINT WARNING * * *
You completely miss Snorg.
You pierce Snorg.
Snorg is heavily wounded.
You tentacle-slap Snorg.
You pierce Snorg!
Snorg is heavily wounded.
Snorg bites you!
You die...

##.############
#..#___#___#__#
#..#)..#__)#J_#
#..###'#'###'##
#..#..........#
...'.⌠........#
...#...######'#
...#.⌠.#J_#...#+#######
...#...#__#...#§@§§≈..#
...#'###__#...#§#T§§#.#
...#.))#__#.....#§§§#
...#___#__'...#.#§§§#
▓▓▓▓▓▓▓▓▓▓▓▓▓▓▓▓▓▓▓


You could see Snorg (berserk).

Vanquished Creatures
  A deep elf mage (D)
  A shadow (D)
  A spatial vortex (D)
  A necrophage (D)
  A water elemental (D)
  A scorpion (D)
  A jelly (D)
  A wizard (D)
  Jessica (D)
  A necromancer (D)
  3 humans (D)
  A kobold demonologist (D)
  2 oozes (D)
16 creatures vanquished.

Vanquished Creatures (others)
  2 draconian scorchers (D)
  6 hellions (D)
  A yaktaur (D)
  2 jellies (D)
11 creatures vanquished.

Grand Total: 27 creatures vanquished

Notes
Turn   | Place    | Note
-------+----------+-------------------------------------------
     0 | D        | KleinerIrrer the Octopode Monk began the quest for the Orb.
     0 | D        | Reached XP level 1. HP: 16/16 MP: 1/1
    12 | D        | Reached skill level 4 in Unarmed Combat
    15 | D        | Reached skill level 5 in Unarmed Combat
    15 | D        | Reached XP level 2. HP: 21/21 MP: 2/2
    29 | D        | Noticed Jessica
    38 | D        | Killed Jessica
    38 | D        | Reached skill level 7 in Unarmed Combat
    38 | D        | Reached XP level 3. HP: 26/26 MP: 3/3
    53 | D        | Noticed a scorpion
    70 | D        | Killed a scorpion
    70 | D        | Reached skill level 9 in Unarmed Combat
    70 | D        | Reached XP level 4. HP: 22/31 MP: 4/4
   112 | D        | Killed a hellion
   122 | D        | Killed a yaktaur
   177 | D        | Gained mutation: You evolve. [potion of mutation]
   177 | D        | Lost mutation: You evolve. [potion of mutation]
   177 | D        | Gained mutation: You possess an exceptional clarity of
                  | mind. [potion of mutation]
   177 | D        | Gained mutation: One of your tentacles bears a spike.
                  | [potion of mutation]
   184 | D        | Noticed a water elemental
   189 | D        | Killed a hellion
   191 | D        | Killed a water elemental
   191 | D        | Reached skill level 10 in Unarmed Combat
   191 | D        | Reached XP level 5. HP: 22/36 MP: 5/5
   191 | D        | Killed a hellion
   191 | D        | Killed a hellion
   192 | D        | Killed a white draconian scorcher
   269 | D        | Killed a white draconian scorcher
   293 | D        | Killed a hellion
   304 | D        | Found a radiant altar of Vehumet.
   304 | D        | Found a deep blue altar of Sif Muna.
   304 | D        | Found an ancient bone altar of Kikubaaqudgha.
   306 | D        | Reached skill level 11 in Unarmed Combat
   324 | D        | Found a glowing silver altar of Zin.
   324 | D        | Found a glowing golden altar of the Shining One.
   324 | D        | Found a white marble altar of Elyvilon.
   325 | D        | Noticed a deep elf mage
   330 | D        | Killed a deep elf mage
   330 | D        | Reached skill level 15 in Unarmed Combat
   330 | D        | Reached XP level 6. HP: 36/42 MP: 6/6
   330 | D        | Reached XP level 7. HP: 40/46 MP: 7/7
   348 | D        | Killed a hellion
   372 | D        | Found a hide-covered altar of Uskayaw.
   372 | D        | Found a roughly hewn altar of Beogh.
   372 | D        | Found an iron altar of Okawaru.
   372 | D        | Found a bloodstained altar of Trog.
   372 | D        | Found an ornate altar of the Wu Jian Council.
   372 | D        | Noticed a human
   373 | D        | Noticed a human
   397 | D        | Killed a human
   402 | D        | Killed a human
   402 | D        | Reached skill level 16 in Unarmed Combat
   402 | D        | Reached XP level 8. HP: 33/52 MP: 8/8
   537 | D        | Found a basalt altar of Yredelemnul.
   537 | D        | Found a shadowy altar of Dithmenos.
   537 | D        | Found a sacrificial altar of Ru.
   552 | D        | Noticed a shadow
   555 | D        | Killed a shadow
   555 | D        | Reached skill level 17 in Unarmed Combat
   623 | D        | Found a blossoming altar of Fedhas.
   623 | D        | Found a stormy altar of Qazlal.
   624 | D        | Found a snail-covered altar of Cheibriados.
   624 | D        | Found a burning altar of Makhleb.
   624 | D        | Found a hazy altar of Hepliaklqana.
   624 | D        | Found a shimmering altar of Xom.
   624 | D        | Found an opulent altar of Gozag.
   624 | D        | Found a sparkling altar of Nemelex Xobeh.
   624 | D        | Found a corrupted altar of Lugonu.
   624 | D        | Found a viscous altar of Jiyva.
   635 | D        | Became a worshipper of Jiyva Jainyiss the Shapeless
   635 | D        | Reached * piety under Jiyva
   635 | D        | Reached ** piety under Jiyva
   689 | D        | Noticed Snorg
   695 | D        | HP: 2/78 [Snorg (12)]
   697 | D        | Mangled by Snorg

Skill      XL: |  1  2  3  4  5  6  7  8 |
---------------+-------------------------+-----
Unarmed Combat | 5 7 9 10 15 16 17 | 17.4
Fighting       | |  3.0
Dodging        | |  3.0
Stealth        | |  2.6

Action                   |  1- 3 |  4- 6 |  7- 9 || total
-------------------------+-------+-------+-------++-------
Melee: Unarmed           |    19 |    12 |    27 ||    58
       Tentacles         |     8 |     1 |     7 ||    16
       Constrict         |     3 |     1 |     3 ||     7
       Punch             |     3 |       |     3 ||     6
       Kick              |       |     3 |    11 ||    14
  Use: Scroll            |       |     2 |       ||     2
       Potion            |       |     1 |     2 ||     3
 Stab: Sleeping          |       |     3 |       ||     3
Armor: Skin              |     1 |       |       ||     1
Dodge: Dodged            |    12 |     4 |    10 ||    26
